AoeStats
← kingvtech555

Arena

508889225Analyzed
1v1 RM · 8d ago on Sep 24, 2026· 23m 28s· 2 players
Game mode
Random Map
Map size
Tiny (2 player)
Population
200
Speed
Normal
Resources
Standard
Victory
Conquest
Starting age
Dark Age
Ending age
Imperial Age
RankedLock teamsTeams togetherTeam positionsShared explorationLock speedFull tech treeHidden civsTurbo modeCheats
Victory
Defeat
🇪🇸 Ethiopians · Spain
244
+16
🇦🇷 Teutons · Argentina
248
-16
kingvtech555
0:41 Loom
10:54 Feudal Age
13:15 Horse Collar
20:01 Castle Age
OSAMA-19
9:44 Feudal Age
10:38 Double-Bit Axe
20:01 Castle Age
18:43 Gold Mining
18:45 Stone Mining
22:25 Wheelbarrow
21:35 Town Watch
Connection lost

Rejoining the realm…

Still unreachable

The connection could not be restored.

Session expired

The server has moved on; the page needs a fresh start.